 Dungeon Crawl Stone Soup version 0.29-a0-362-g5854e031c7 (webtiles) character file.

Game seed: 5412300780875091291

22056 Sweeb the Carver (level 12, -14/76 HPs)
             Began as a Tengu Gladiator on Apr 30, 2022.
             Was a Priest of Dithmenos.
             Demolished by a white ugly thing (33 damage)
             ... on level 13 of the Dungeon.
             The game lasted 00:28:51 (14818 turns).

Sweeb the Carver (Tengu Gladiator)                 Turns: 14818, Time: 00:28:51

Health: -14/76     AC:  9    Str: 15    XL:     12   Next: 96%
Magic:  13/13      EV: 29    Int:  9    God:    Dithmenos [***...]
Gold:   589        SH:  0    Dex: 26    Spells: 11/11 levels left

rFire   . . .      SeeInvis .   a - +2 long sword (elec)
rCold   . . .      Faith    .   (no shield)
rNeg    . . .      Spirit   .   w - +3 leather armour
rPois   +          Reflect  .   c - +1 hat
rElec   .          Harm     .   H - +0 cloak
rCorr   .          Rampage  .   K - +0 pair of gloves
Will    .....                   (boots unavailable)
Stlth   +++++++...              R - amulet of the acrobat
HPRegen 0.22/turn               b - ring of poison resistance
MPRegen 0.13/turn               j - +6 ring of dexterity

@: flying quickly and evasively, slowed, wreathed by umbra, studying Long
Blades, very slow
A: beak, talons 3, nimble flight
a: Renounce Religion, Shadow Step


You were on level 13 of the Dungeon.
You worshipped Dithmenos.
Dithmenos was most pleased with you.
You visited 2 branches of the dungeon, and saw 14 of its levels.
You also visited: Ossuary.

You collected 589 gold pieces.

Inventory:

Hand Weapons
 a - a +2 long sword of electrocution (weapon)
 s - a +1 scimitar
 G - a +0 great sword
 J - a +1 long sword of flaming
Missiles
 d - 2 throwing nets (quivered)
 e - 9 javelins
Armour
 c - a +1 hat (worn)
 g - a +1 robe of cold resistance
 w - a +3 leather armour (worn)
 H - a +0 cloak (worn)
 I - +0 steam dragon scales
 K - a +0 pair of gloves (worn)
 Q - a +0 troll leather armour
 T - +0 acid dragon scales
Jewellery
 b - a ring of poison resistance (left hand)
 h - a +4 ring of protection
 j - a +6 ring of dexterity (right hand)
 n - a +6 ring of intelligence
 o - a ring of ice
 P - a ring of positive energy
 R - an amulet of the acrobat (around neck)
 S - an amulet of faith
 V - an amulet of magic regeneration
Wands
 F - a wand of iceblast (14)
 L - a wand of acid (10)
 O - a wand of digging (13)
Scrolls
 i - 2 scrolls of brand weapon
 m - 3 scrolls of amnesia
 p - 2 scrolls of fear
 q - 7 scrolls of noise
 u - 4 scrolls of teleportation
 v - 4 scrolls of holy word
 y - 4 scrolls of blinking
 z - 2 scrolls of fog
 W - a scroll of magic mapping
 X - 2 scrolls of torment
Potions
 f - 3 potions of mutation
 k - 2 potions of haste
 l - 5 potions of attraction
 r - 6 potions of brilliance
 t - 5 potions of curing
 x - 5 potions of lignification
 A - 3 potions of invisibility
 B - 2 potions of flight
 C - 6 potions of heal wounds
 D - a potion of might
 E - a potion of cancellation
 M - a potion of berserk rage
 N - 2 potions of ambrosia


   Skills:
 + Level 9.0 Fighting
 * Level 14.8 Long Blades
 - Level 2.0 Throwing
 * Level 13.7 Dodging
 + Level 9.5 Stealth


You had 11 spell levels left.
You didn't know any spells.
Your spell library contained the following spells:

 Spells                   Type           Power      Damage    Failure   Level
 Animate Skeleton         Necr           0%         N/A       45%         1
 Apportation              Tloc           0%         N/A       45%         1
 Freeze                   Ice            0%         1d3       45%         1
 Magic Dart               Conj           0%         1d3       45%         1
 Summon Small Mammal      Summ           0%         N/A       45%         1
 Call Imp                 Summ           0%         N/A       58%         2
 Corpse Rot               Necr/Air       0%         N/A       58%         2
 Poisonous Vapours        Pois/Air       0%         N/A       58%         2
 Static Discharge         Conj/Air       0%         N/A       58%         2
 Call Canine Familiar     Summ           0%         N/A       83%         3
 Frozen Ramparts          Ice            0%         1d2       83%         3
 Mephitic Cloud           Conj/Pois/Air  0%         N/A       83%         3
 Summon Guardian Golem    Hex/Summ       0%         N/A       83%         3
 Airstrike                Air            0%         N/A       99%         4
 Hailstorm                Conj/Ice       0%         3d3       99%         4
 Summon Lightning Spire   Summ/Air       0%         N/A       99%         4
 Lightning Bolt           Conj/Air       0%         1d11      100%        5
 Maxwell's Capacitive Co  Air            0%         ∞         100%        8


Dungeon Overview and Level Annotations

Branches:
Dungeon (13/15)            Temple (1/1) D:6            Lair (0/6) D:8
    Orc (0/2) D:12        Ossuary (visited)
 Vaults: D:13-14

Altars:
Ashenzari
Cheibriados
Dithmenos
Gozag
Hepliaklqana
Kikubaaqudgha
Makhleb
Nemelex Xobeh
Okawaru
Ru
Sif Muna
Trog
Uskayaw
Vehumet
Wu Jian
Xom
Yredelemnul
The Shining One

Shops:
D:5 *   D:10 (

Annotations:
D:9 exclusion: obsidian statue
D:12 2 transporters, CowFu's ghost, journeyman GnHu
D:13 2 transporters, spaghetti's ghost, journeyman OgFE


Innate Abilities, Weirdness & Mutations

You have a beak for a mouth.
You have claws for feet.
Your magical nature lets you fly swiftly and evasively.


Message History

The wraith hits you. The wraith drains your vigour!
You feel yourself slow down.
You closely miss the wraith.
The white ugly thing gurgles horribly!
You peck the wraith, but do no damage.
The wraith is heavily damaged.
The wraith misses you.
You hit the wraith. You peck the wraith.
The wraith is heavily damaged.
The wraith completely misses you.
You slash the wraith!
The wraith is almost destroyed.
The wraith completely misses you.
You barely miss the wraith. You claw the wraith, but do no damage.
The wraith is almost destroyed.
The wraith closely misses you.
You closely miss the wraith. You claw the wraith.
You destroy the wraith!
Dithmenos accepts your kill.
You hit the wraith but do no damage. You peck the wraith, but do no damage.
The wraith misses you. The white ugly thing barely misses you.
You hit the white ugly thing.
The white ugly thing is lightly wounded.
The wraith completely misses you.
The white ugly thing gores you but does no damage.
You barely miss the white ugly thing.
The white ugly thing is lightly wounded.
The wraith misses you. The white ugly thing barely misses you.
You closely miss the white ugly thing. You peck the white ugly thing.
The white ugly thing is lightly wounded.
You feel yourself speed up. The wraith hits you. The wraith drains your vigour!
You feel yourself slow down. The white ugly thing gores you.
The white ugly thing freezes you!!
* * * LOW HITPOINT WARNING * * *
You feel much better. The wraith closely misses you.
The white ugly thing gores you.
* * * LOW HITPOINT WARNING * * *
The white ugly thing freezes you!!
You die...

......................#.
....[...?.............#.
...........$..........#.
......................##
........#######.........
........# #.........
........# #.........
..#####W# #......<.. .
#@# ..####### #u# ......
#........ ......
#........ ......
......... #.....
......... +.....
.......... #.....
.......... ######
........... ......


You could see a white ugly thing and a wraith.

Vanquished Creatures
  Rupert (D:13)
  Josephine (D:13)
  A boulder beetle (D:11)
  A hydra (D:12)
  A two-headed ogre (D:13)
  Amaemon (D:9)
  Nergalle (D:12)
  A deep elf pyromancer (D:13)
  4 ugly things
  2 cyclopes
  A manticore (D:12)
  Joseph (D:8)
  4 gargoyles (D:10)
  An unseen horror (D:10)
  A kobold demonologist (D:10)
  Maggie (D:8)
  An orange demon (D:9)
  2 trolls
  2 hornets
  Sigmund (D:2)
  2 shadows
  3 vampires
  A wyvern (D:8)
  23 yaks
  4 wraiths
  3 steam dragons
  A water moccasin (D:8)
  3 acid dragons
  4 sky beasts
  An ice beast (D:5)
  3 orc warriors
  4 centaurs
  An ogre (D:5)
  2 phantoms
  A kobold brigand (D:11)
  Blork the orc (D:4)
  A bullfrog (D:7)
  4 gnoll sergeants
  A necrophage (D:4)
  4 scorpions
  10 wights
  20 killer bees
  4 electric eels (D:10)
  3 howler monkeys (D:7)
  A centaur zombie (Ossuary)
  11 hounds
  A human zombie (Ossuary)
  2 jellies (D:6)
  3 orc priests
  4 gnoll shamans
  4 iguanas
  Crazy Yiuf (D:5)
  4 orc wizards
  Terence (D:3)
  5 mummies
  Robin (D:2)
  30 gnolls
  5 adders
  An ufetubus (D:5)
  A worm (D:4)
  2 dart slugs (D:1)
  30 orcs
  7 bats
  6 endoplasms
  A giant cockroach (D:4)
  A gnoll zombie (Ossuary)
  6 goblins
  12 hobgoblins
  3 jackals (D:5)
  A quokka (D:1)
  6 ball pythons (D:1)
  2 goblin zombies (Ossuary)
  2 hobgoblin zombies
  9 kobolds
  2 kobold zombies
  An orc zombie (Ossuary)
  2 rats (D:2)
301 creatures vanquished.

Vanquished Creatures (others)
  A vault guard (D:13)
  A human (D:13)
2 creatures vanquished.

Grand Total: 303 creatures vanquished

Notes
Turn   | Place    | Note
-------+----------+-------------------------------------------
     0 | D:1      | Sweeb the Tengu Gladiator began the quest for the Orb.
     0 | D:1      | Reached XP level 1. HP: 12/12 MP: 2/2
   336 | D:1      | Reached XP level 2. HP: 17/17 MP: 3/3
   924 | D:1      | Reached XP level 3. HP: 17/21 MP: 4/4
  1109 | D:1      | Found a faded altar of an unknown god.
  1317 | D:2      | Reached skill level 1 in Stealth
  1572 | D:2      | Noticed Robin
  1585 | D:1      | Reached skill level 4 in Long Blades
  1937 | D:2      | Noticed Sigmund
  1944 | D:2      | Killed Sigmund
  1945 | D:2      | Reached XP level 4. HP: 27/27 MP: 5/5
  1945 | D:2      | Gained mutation: Your magical nature lets you fly swiftly
                  | and evasively. [Tengu growth]
  1945 | D:2      | Reached XP level 5. HP: 32/32 MP: 6/6
  1975 | D:2      | Reached XP level 6. HP: 35/37 MP: 7/7
  1996 | D:2      | Reached skill level 5 in Long Blades
  2062 | D:2      | Killed Robin
  2063 | D:2      | Reached skill level 5 in Dodging
  2553 | D:3      | Noticed Terence
  2561 | D:3      | Killed Terence
  3333 | D:4      | Found a sand-covered staircase.
  3339 | Ossuary  | Entered an ossuary
  4232 | D:4      | Reached XP level 7. HP: 41/41 MP: 8/8
  4260 | D:4      | Noticed Blork the orc
  4279 | D:4      | Killed Blork the orc
  4504 | D:4      | Found an opulent altar of Gozag.
  4879 | D:5      | Entered Level 5 of the Dungeon
  4903 | D:5      | Found Pafobor's Elemental Accessories.
  4917 | D:5      | Reached skill level 6 in Long Blades
  5243 | D:5      | HP: 1/63 [gnoll/+0 flail (5)]
  5245 | D:5      | Reached XP level 8. HP: 1/48 MP: 9/9
  5649 | D:5      | Reached skill level 7 in Long Blades
  5806 | D:5      | Found a runed translucent door.
  5807 | D:5      | Noticed Crazy Yiuf
  6037 | D:5      | Found an iron altar of Okawaru.
  6286 | D:5      | Killed Crazy Yiuf
  6342 | D:6      | Reached XP level 9. HP: 50/53 MP: 10/10
  6409 | D:6      | Reached skill level 5 in Fighting
  6409 | D:6      | Reached skill level 8 in Long Blades
  6508 | D:6      | Reached skill level 5 in Stealth
  6889 | D:6      | Found a staircase to the Ecumenical Temple.
  6910 | Temple   | Entered the Ecumenical Temple
  6922 | Temple   | Became a worshipper of Dithmenos the Shadowed
  7335 | D:7      | Reached skill level 9 in Long Blades
  7552 | D:7      | Reached XP level 10. HP: 51/60 MP: 11/11
  7705 | D:7      | Found a broken altar of Ashenzari.
  7705 | D:7      | Found a hide-covered altar of Uskayaw.
  7739 | D:7      | Found a faded altar of an unknown god.
  7741 | D:7      | Found a sparkling altar of Nemelex Xobeh.
  7743 | D:7      | Found a hazy altar of Hepliaklqana.
  7830 | D:8      | Found a staircase to the Lair.
  7842 | D:8      | Found a glowing golden altar of the Shining One.
  7842 | D:8      | Noticed Joseph
  7852 | D:8      | Killed Joseph
  8096 | D:8      | Reached * piety under Dithmenos
  8097 | D:8      | Found a sacrificial altar of Ru.
  8161 | D:8      | Noticed Maggie
  8172 | D:8      | Killed Maggie
  8173 | D:8      | Reached skill level 10 in Long Blades
  8173 | D:8      | Reached skill level 10 in Dodging
  8356 | D:8      | Found a radiant altar of Vehumet.
  8664 | D:9      | Noticed an obsidian statue
  9459 | D:9      | Found an ancient bone altar of Kikubaaqudgha.
  9654 | D:9      | Reached XP level 11. HP: 66/66 MP: 12/12
  9661 | D:9      | Reached skill level 11 in Long Blades
  9705 | D:9      | Noticed Amaemon
  9740 | D:9      | Killed Amaemon
 10077 | D:9      | Found a shimmering blue altar of Sif Muna.
 10364 | D:10     | Entered Level 10 of the Dungeon
 10370 | D:10     | Reached ** piety under Dithmenos
 10978 | D:10     | Noticed a red ugly thing
 10994 | D:10     | Killed a red ugly thing
 11076 | D:10     | Reached skill level 12 in Long Blades
 11085 | D:10     | Found a shimmering altar of Xom.
 11744 | D:10     | Found Jaexecup's Antique Weapon Boutique.
 11779 | D:10     | Found a basalt altar of Yredelemnul.
 12002 | D:11     | Noticed a boulder beetle
 12004 | D:11     | Noticed a red ugly thing
 12018 | D:11     | Killed a red ugly thing
 12238 | D:11     | Reached *** piety under Dithmenos
 12269 | D:11     | Reached XP level 12. HP: 73/73 MP: 13/13
 12280 | D:11     | Killed a boulder beetle
 12816 | D:12     | Found a staircase to the Orcish Mines.
 13418 | D:12     | Identified a scroll of acquirement
 13419 | D:12     | Acquired a manual of Long Blades
 13568 | D:12     | Reached skill level 13 in Long Blades
 13709 | D:12     | Noticed a four-headed hydra
 13712 | D:12     | Noticed Nergalle
 13719 | D:12     | Killed a one-headed hydra
 13742 | D:12     | Killed Nergalle
 13769 | D:12     | Found a transporter.
 14135 | D:12     | Found a transporter.
 14138 | D:12     | Noticed CowFu's ghost (journeyman GnHu)
 14547 | D:13     | Noticed Rupert
 14564 | D:13     | Killed Rupert
 14565 | D:13     | Reached skill level 14 in Long Blades
 14665 | D:13     | Found a transporter.
 14667 | D:13     | Found a transporter.
 14669 | D:13     | Noticed spaghetti's ghost (journeyman OgFE)
 14695 | D:13     | Noticed a two-headed ogre
 14719 | D:13     | Killed a two-headed ogre
 14776 | D:13     | Killed a vault guard
 14783 | D:13     | Noticed Josephine
 14805 | D:13     | Killed Josephine
 14818 | D:13     | Demolished by a white ugly thing

Illustrated notes

Levels and vault maps discovered:
D:1:      tarquinn_simple_flora_water_c, layout_loops_ring,
          ebering_ecumenical_altar_ruins
D:2:      layout_basic, minmay_misc_feat_cross, hangedman_decor_peaks_small,
          minmay_curled_crystal, uniq_robin, uniq_sigmund
D:3:      layout_loops_ring, uniq_terence
D:4:      layout_basic, general_overflow_altar, nicolae_ossuary_entry_giza,
          hangedman_abyss_or_decor_stabs, uniq_blork_the_orc
D:5:      layout_cave_pools, lemuel_crystal_altar, serial_gnoll_camp,
          gnoll_camp_mini_loothouse, gnoll_camp_mini_hut,
          gnoll_camp_mini_doghouse, gnoll_camp_mini_basic,
          gnoll_camp_huts_basic, gnoll_camp_mini_hut, nicolae_elemental_shop,
          uniq_crazy_yiuf_cottage
D:6:      layout_basic, minmay_temple_entry_wispy
D:7:      layout_rooms, chequers_temple_overflow_minitemple
D:8:      layout_cave_pools, tso_altar, mainiacjoe_overflow_24_doors,
          nicolae_vehumet_altar_sigil, lair_entry_dummy, uniq_joseph,
          uniq_maggie
D:9:      layout_roguey, lemuel_blue_sif_altar, lemuel_coloured_pillars_altar,
          enter_bailey_6, minmay_statue_bubble, uniq_amaemon
D:10:     cheibrodos_statue_roulette, layout_basic, mainiacjoe_overflow_paths,
          mainiacjoe_overflow_cross_hatched, serial_shops, shop
D:11:     layout_basic
D:12:     layout_irregular_city, david_orc_2, serial_rivers,
          chequers_serial_rivers_micro_b, chequers_serial_rivers_micro_a,
          chequers_serial_rivers_room_b, chequers_serial_rivers_marsh,
          gammafunk_ghost_berserking_beasts, minmay_misc_feat_hallway,
          drop_trap, uniq_nergalle
D:13:     layout_irregular_city, ximxim_vaults_locker_room,
          gammafunk_ghost_hive, nicolae_stop_n_shop_2, uniq_rupert,
          uniq_josephine
Temple:   compressed_dpeg_triangle_lava_temple

Skill      XL: |  1  2  3  4  5  6  7  8  9 10 11 12 |
---------------+-------------------------------------+-----
Stealth        | 2 3 4 5 7 8 9 |  9.5
Long Blades    | 4 5 6 7 9 10 12 14 | 14.8
Dodging        | 4 5 6 7 9 10 12 13 | 13.7
Fighting       | 3 4 5 6 8 9 |  9.0
Throwing       | |  2.0

Action                   |  1- 3 |  4- 6 |  7- 9 | 10-12 || total
-------------------------+-------+-------+-------+-------++-------
Melee: Long sword        |    76 |    51 |   243 |   520 ||   890
       Kick              |    10 |    12 |    79 |   207 ||   308
       Peck              |     4 |     6 |    45 |   136 ||   191
       Punch             |       |       |     5 |     4 ||     9
Throw: Throwing net      |     1 |       |     1 |     4 ||     6
  Use: Scroll            |     5 |     8 |     6 |    12 ||    31
       Potion            |       |     2 |     1 |     3 ||     6
 Stab: Sleeping          |     2 |     6 |     5 |    23 ||    36
       Held in net/web   |     2 |       |     1 |     8 ||    11
       Distracted        |     1 |     2 |     2 |     5 ||    10
Armor: Leather armour    |    19 |     4 |    35 |    51 ||   109
       Robe              |       |     1 |       |       ||     1
Dodge: Dodged            |    67 |    25 |   235 |   420 ||   747

Table legend: (Time is in decaauts)
 A = Elapsed time spent in this place.
 B = Non-inter-level travel time spent in this place.
 C = Inter-level travel time spent in this place.
 D = Time resting spent in this place.
 E = Time spent auto-exploring this place.
 F = Levels seen in this place.
 G = Mean time per level.
                   A        B        C        D        E       F      G
               +--------+--------+--------+--------+--------+-----+--------+
         Total |  14026 |  13525 |    501 |   4280 |   6613 |  15 |  935.1 |
       Dungeon |  13417 |  12925 |    492 |   3962 |   6538 |  13 | 1032.1 |
        Temple |     20 |     11 |      9 |      0 |      7 |   1 |   20.0 |
       Ossuary |    588 |    588 |      0 |    318 |     68 |   1 |  588.0 |
               +--------+--------+--------+--------+--------+-----+--------+

Top non-repeatable levels by time:
     D:9: 1721 daAuts
     D:1: 1553 daAuts
    D:10: 1516 daAuts
    D:11: 1331 daAuts
     D:4: 1184 daAuts
     D:5: 1153 daAuts
    D:12: 933 daAuts
     D:2: 901 daAuts
     D:6: 763 daAuts
     D:3: 720 daAuts
     D:8: 704 daAuts
 Ossuary: 588 daAuts
     D:7: 587 daAuts
    D:13: 344 daAuts
  Temple: 20 daAuts
